 Dungeon Crawl Stone Soup version 0.23.2-1-ga50397a (webtiles) character file.

Game seed: 13270582406749675782

39 Aske the Cutter (level 3, 0/22 HPs)
             Began as a Gargoyle Gladiator on Apr 22, 2019.
             Slain by an orc (2 damage)
             ... on level 1 of the Dungeon.
             The game lasted 00:01:31 (728 turns).

Aske the Cutter (Gargoyle Gladiator)                 Turns: 728, Time: 00:01:32

Health: 0/22       AC:  7    Str: 17    XL:     3   Next: 47%
Magic:  3/3        EV: 12    Int:  8    God:
Gold:   50         SH:  0    Dex: 12    Spells: 2/2 levels left

rFire    . . .     SeeInvis .   a - +0 rapier
rCold    . . .     Gourm    .   (no shield)
rNeg     + + .     Faith    .   b - +0 leather armour
rPois    ∞         Spirit   .   c - +0 helmet
rElec    +         Reflect  .   (no cloak)
rCorr    .         Harm     .   (no gloves)
MR       .....                  (no boots)
Stlth    +.........             (no amulet)
HPRegen  0.07/turn              h - ring of positive energy (curse)
MPRegen  0.08/turn              (no ring)

@: hasted, very quick
A: negative energy resistance 1, electricity resistance, unbreathing,
petrification resistance, rot immunity, AC +3
a: no special abilities


You were on level 1 of the Dungeon.
You were not hungry.

You visited 1 branch of the dungeon, and saw 2 of its levels.

You collected 50 gold pieces.

Inventory:

Hand Weapons
 a - a +0 rapier (weapon)
Missiles
 d - 3 throwing nets (quivered)
Armour
 b - a +0 leather armour (worn)
 c - a +0 helmet (worn)
Jewellery
 h - a cursed ring of positive energy (left hand)
 k - a cursed -2 ring of slaying {unknown}
Scrolls
 j - 2 scrolls of remove curse {unknown}
Potions
 i - a potion of heal wounds {unknown}
Comestibles
 f - 3 rations


   Skills:
 + Level 2.7 Fighting
 * Level 3.1 Short Blades
 - Level 1.7 Throwing
 + Level 1.0 Armour
 * Level 2.9 Dodging


You had 2 spell levels left.
You didn't know any spells.
Your spell library was empty.

Dungeon Overview and Level Annotations

Branches:
Dungeon (2/15)

Altars:


Innate Abilities, Weirdness & Mutations

You are resistant to torment.
Your stone body is resilient. (AC +3)
You are immune to poison.
You resist negative energy. (rN+)
You are resistant to electric shocks. (rElec)
You can survive without breathing.
You are immune to petrification.
You are immune to rotting.


Message History

The leopard gecko closely misses you. The orc misses you.
The leopard gecko barely misses you. The orc priest hits you with a +0 whip.
* * * LOW HITPOINT WARNING * * *
You hit the orc priest.
The orc priest is severely wounded.
The orc misses you.
The leopard gecko bites you but does no damage.
The orc priest looks encouraged for a moment.
Unknown command.
You barely miss the orc priest.
The orc priest is severely wounded.
The leopard gecko bites you but does no damage.
The orc barely misses you.
The orc priest invokes the aid of Beogh against you.
Pain shoots through your body!
* * * LOW HITPOINT WARNING * * *
It was a potion of haste.
You feel yourself speed up.
The leopard gecko bites you but does no damage.
The orc hits you.
You die...

#...# #......8...8...8...#
###...#########..##...#...#...#.#
...................#.###.###.##.#
.............#........#...#...#.#
............#.#..#..8...8...8.#.#
#.......####.###.[....#...#...#.#
#.#...#.# ##.#.###..###.###.##.#
#.#...#.# ##.####...#...#......
#.#...#.### #.o@)..8...8...8....
#.......#.## #.lo.....#...#...[..
###...##.#.###..####.###...##....
####.##.###.##.....#.##.....##...
#...#..## ##.##.##.#.#.....>.####
#..###.# ##.#.##...............
....#..## ##.......#..##.....####
..##.#..###.####.#####.#....##
..####.#÷#.)..##.###..##...##


You could see an orc priest, an orc and a leopard gecko.

Vanquished Creatures
  An ooze (D:1)
  2 dart slugs (D:1)
  An orc (D:1)
  A ball python (D:2)
  2 giant cockroaches (D:1)
  6 goblins (D:1)
  5 hobgoblins (D:1)
  3 bats (D:1)
  A frilled lizard (D:1)
  2 kobolds (D:1)
  6 rats (D:1)
30 creatures vanquished.

Notes
Turn   | Place    | Note
-------+----------+-------------------------------------------
     0 | D:1      | Aske the Gargoyle Gladiator began the quest for the Orb.
     0 | D:1      | Reached XP level 1. HP: 12/12 MP: 1/1
    69 | D:1      | Reached XP level 2. HP: 17/18 MP: 2/2
   131 | D:1      | Reached skill level 3 in Short Blades
   251 | D:1      | Reached XP level 3. HP: 13/22 MP: 3/3
   310 | D:1      | Reached skill level 1 in Armour
   728 | D:1      | Slain by an orc

Skill      XL: |  1  2  3 |
---------------+----------+-----
Short Blades   | 3 |  3.1
Armour         | 1 |  1.0
Fighting       | |  2.7
Throwing       | |  1.7
Dodging        | |  2.9

Action                   || total
-------------------------++-------
Melee: Rapier            ||   112
  Use: Potion            ||     1
Armor: Leather armour    ||    45
Dodge: Dodged            ||    86
